 Dungeon Crawl Stone Soup version 0.31-a0-1101-g9ad1905e61 (webtiles) character file.

Game seed: 1076766874442565188

822 senseless the Trooper (level 7, 0/64 HPs)
             Began as a Minotaur Fighter on Dec 1, 2023.
             Was an Initiate of the Shining One.
             Slain by an iguana (1 damage)
             ... on level 5 of the Dungeon.
             The game lasted 00:04:38 (3276 turns).

senseless the Trooper (Minotaur Fighter)            Turns: 3276, Time: 00:04:39

Health: 0/64       AC:  7    Str: 23    XL:     7   Next: 63%
Magic:  6/6        EV:  9    Int:  5    God:    the Shining One [......]
Gold:   252        SH:  5    Dex:  9    Spells: 6/6 levels left

rFire   . . .        a - +0 war axe
rCold   . . .        c - +0 buckler
rNeg    . . .        b - +0 scale mail
rPois   .            (helmet restricted)
rElec   .            (no cloak)
rCorr   .            (no gloves)
SInv    .            (no boots)
Will    .....        (no amulet) Stlth
                     (no ring)
HPRegen 0.30/turn    (no ring)
MPRegen 0.10/turn

%: no passive effects
@: mighty, glowing
A: horns 2, retaliatory headbutt
a: Renounce Religion


You were on level 5 of the Dungeon.
You worshipped the Shining One.
The Shining One was noncommittal.
You visited 2 branches of the dungeon, and saw 6 of its levels.

You collected 252 gold pieces.

Inventory:

Hand Weapons
 a - a +0 war axe (weapon)
Missiles
 o - 5 curare-tipped darts (quivered)
 p - 5 poisoned darts
Armour
 b - a +0 scale mail (worn)
 c - a +0 buckler (worn)
Wands
 q - a wand of polymorph (5)
Scrolls
 e - a scroll of identify
 f - a scroll of revelation
 g - a scroll of enchant armour {unknown}
 h - a scroll of blinking {unknown}
 j - a scroll of fog {unknown}
 l - 4 scrolls of noise {unknown}
 m - a scroll of poison {unknown}
Potions
 k - a potion of attraction


   Skills:
 + Level 6.3 Fighting
 + Level 5.6 Axes
 + Level 6.3 Armour
 + Level 6.2 Shields


You had 6 spell levels left.
You didn't know any spells.
Your spell library contained the following spells:

 Spells                   Type           Power      Damage    Failure   Level
 Call Canine Familiar     Summ           0%         N/A       99%         3
 Sigil of Binding         Hex            0%         N/A       99%         3
 Dimensional Bullseye     Hex/Tloc       0%         N/A       100%        4
 Leda's Liquefaction      Hex/Erth       0%         N/A       100%        4


Dungeon Overview and Level Annotations

Branches:
Dungeon (5/15)             Temple (1/1) D:4

Altars:
Ashenzari
Cheibriados
Elyvilon
Fedhas
Gozag
Hepliaklqana
Kikubaaqudgha
Makhleb
Okawaru
Qazlal
Ru
Sif Muna
Trog
Uskayaw
Vehumet
Wu Jian
Yredelemnul
Zin
The Shining One


Innate Abilities, Weirdness & Mutations

You have a pair of horns on your head.
You reflexively headbutt those who attack you in melee.


Message History

The killer bee is moderately wounded.
The killer bee barely misses you. The killer bee stings you. x2
You are poisoned.
The killer bee poisons you!
You hit the killer bee.
The killer bee is moderately wounded.
You feel very sick. The killer bee barely misses you.
The killer bee misses you.
You hit the killer bee.
The killer bee is severely wounded.
You feel sick. The killer bee stings you.
* * * LOW HITPOINT WARNING * * *
You block the killer bee's attack. The killer bee stings you.
* * * LOW HITPOINT WARNING * * *
You miss the killer bee.
The killer bee is heavily wounded.
You feel sick. The killer bee stings you!
* * * LOW HITPOINT WARNING * * *
The killer bee stings you but does no damage.
You feel very mighty all of a sudden.
You feel sick. The killer bee stings you!
The Shining One protects you from harm! You block the killer bee's attack.
You slice the killer bee!!
You kill the killer bee!
You feel sick. The iguana bites you.
* * * LOW HITPOINT WARNING * * *
You hit the iguana. You headbutt the iguana.
The iguana is severely wounded.
* * * LOW HITPOINT WARNING * * *
You feel sick.
The iguana bites you but does no damage.
Okay, then.
You barely miss the iguana.
The iguana is severely wounded.
* * * LOW HITPOINT WARNING * * *
You feel sick.
You are no longer poisoned.
The iguana bites you.
You die...

*,,,,,**#......+........,,,,**,,,
,,,,,,,,#......#.####...,,******,
,,,,,,,,#......#.####..,,,,,*****
,,,,,,,,###....#.####..,,,*,,,,,,
,,,,,,,,########.####..,,,*******
,,,,,,,,..######.####..,,,*
,,,,,,,,*+*** #.# *,,,,,*
,,,,,,,,,,,,* #.# *,,,,,*
,,,,,,,,,,,,* #@# *,,,,,*
**+*****,,,,* #l######**** *,*
*,,,,* #......##** *,* *,,,,**
#.......>,* *,*
*,,,,,**#........,* *,*
*,,,,,,*#........,* *,*
***,,,,,.....#.!.,*
**+*******,,,,,.###.....,*
,,,,,,,,,,,,,,..* *.....,* ******


You could see an iguana.

Vanquished Creatures
  2 ogres (D:4)
  Blork the orc (D:4)
  2 scorpions (D:4)
  5 killer bees (D:5)
  A hound (D:4)
  A sleepcap (D:4)
  3 orc wizards
  5 adders
  2 worms
  A dart slug (D:3)
  6 orcs
  5 ball pythons
  8 bats
  5 endoplasms
  2 giant cockroaches (D:1)
  3 goblins
  6 hobgoblins
  2 jackals (D:4)
  3 quokkas
  3 frilled lizards
  8 kobolds
  5 rats
79 creatures vanquished.

Notes
Turn   | Place    | Note
-------+----------+-------------------------------------------
     0 | D:1      | senseless the Minotaur Fighter began the quest for the Orb.
     0 | D:1      | Reached XP level 1. HP: 19/19 MP: 0/0
   173 | D:1      | Reached XP level 2. HP: 27/27 MP: 1/1
   558 | D:2      | Found a faded altar of an unknown god.
   650 | D:2      | Reached XP level 3. HP: 22/33 MP: 2/2
  1216 | D:2      | Reached XP level 4. HP: 35/41 MP: 3/3
  1723 | D:3      | Found a broken altar of Ashenzari.
  2146 | D:4      | Reached XP level 5. HP: 47/47 MP: 4/4
  2185 | D:4      | Reached skill level 5 in Fighting
  2293 | D:4      | Reached skill level 5 in Armour
  2293 | D:4      | Reached skill level 5 in Shields
  2344 | D:4      | Found a staircase to the Ecumenical Temple.
  2374 | Temple   | Entered the Ecumenical Temple
  2425 | Temple   | Became a worshipper of the Shining One
  2482 | D:4      | Reached XP level 6. HP: 37/56 MP: 5/5
  3033 | D:4      | Reached XP level 7. HP: 62/62 MP: 6/6
  3039 | D:4      | Noticed Blork the orc
  3048 | D:4      | Killed Blork the orc
  3049 | D:4      | Reached skill level 5 in Axes
  3233 | D:5      | Entered Level 5 of the Dungeon
  3273 | D:5      | The Shining One protects you from harm!
  3274 | D:5      | HP: 3/63 [iguana (2)]
  3275 | D:5      | HP: 1/64 [poisoned by a killer bee]
  3276 | D:5      | Slain by an iguana

Illustrated notes

Levels and vault maps discovered:
D:1:      orjb1_clovarrival, layout_loops_ring
D:2:      layout_loops_corners, shapermc_ecumenical_altar_mp_ritualfount
D:3:      layout_loops_cross, mainiacjoe_overflow_small_starburst
D:4:      layout_basic, minmay_temple_entry_crystal_x, uniq_blork_the_orc
D:5:      layout_basic, serial_curves, eino_curves_04, eino_curves_03,
          portal_sewer_entry_e, ebering_ghost_reflecting_pool,
          minmay_manual_monstrance
Temple:   dpeg_five_rooms_temple

Skill      XL: |  1  2  3  4  5  6  7 |
---------------+----------------------+-----
Fighting       | 4 5 6 |  6.3
Shields        | 4 5 6 |  6.2
Armour         | 4 5 6 |  6.3
Axes           | 3 4 5 |  5.6

Action                     |  1- 3 |  4- 6 |  7- 9 || total
---------------------------+-------+-------+-------++-------
  Melee: War axe           |   102 |    83 |    24 ||   209
         Headbutt          |     7 |    16 |     3 ||    26
  Throw: Dart              |       |       |     3 ||     3
    Use: Scroll            |       |       |     4 ||     4
         Potion            |       |       |     2 ||     2
 Armour: Scale mail        |    75 |    67 |    31 ||   173
  Dodge: Dodged            |    63 |    30 |    22 ||   115
  Block: Buckler           |    20 |    18 |    13 ||    51

Table legend: (Time is in decaauts)
 A = Elapsed time spent in this place.
 B = Non-inter-level travel time spent in this place.
 C = Inter-level travel time spent in this place.
 D = Time resting spent in this place.
 E = Time spent auto-exploring this place.
 F = Levels seen in this place.
 G = Mean time per level.
                   A        B        C        D        E       F      G
               +--------+--------+--------+--------+--------+-----+--------+
         Total |   3366 |   3164 |    202 |      0 |   2622 |   6 |  561.0 |
       Dungeon |   3266 |   3162 |    104 |      0 |   2622 |   5 |  653.2 |
        Temple |    100 |      2 |     98 |      0 |      0 |   1 |  100.0 |
               +--------+--------+--------+--------+--------+-----+--------+

Top non-repeatable levels by time:
     D:4: 1021 daAuts
     D:2: 974 daAuts
     D:3: 671 daAuts
     D:1: 550 daAuts
  Temple: 100 daAuts
     D:5: 48 daAuts
